 Dungeon Crawl Stone Soup version 0.32-a0-18-g89e19f1974 (webtiles) character file.

Game seed: 10247678182713408836

732 Laraso the Slicer (level 7, -1/34 HPs)
             Began as a Vine Stalker Gladiator on Jan 16, 2024.
             Engulfed by a steam dragon's steam (4 damage)
             ... on level 5 of the Dungeon.
             The game lasted 00:04:56 (3998 turns).

Laraso the Slicer (Vine Stalker Gladiator)          Turns: 3998, Time: 00:04:56

Health: -1/34      AC:  5    Str: 16    XL:     7   Next: 73%
Magic:  0/8        EV: 12    Int:  8    God:
Gold:   216        SH:  0    Dex: 18    Spells: 6/6 levels left

rFire   . . .        a - +4 dagger (drain)
rCold   . . .        (no shield)
rNeg    . . .        b - +0 leather armour
rPois   .            c - +0 helmet
rElec   .            (no cloak)
rCorr   .            z - +0 pair of gloves
SInv    .            (no boots)
Will    +....        g - amulet of the acrobat
Stlth   +            h - ring of willpower
HPRegen 1.05/turn    (no ring)
MPRegen 0.11/turn

%: acrobat, guardian spirit
@: no status effects
A: fangs 2, regeneration 1, magic shield, antimagic bite, no potion heal 2
a: no special abilities


You were on level 5 of the Dungeon.
You visited 1 branch of the dungeon, and saw 6 of its levels.

You collected 272 gold pieces.
You spent 56 gold pieces at shops.

Inventory:

Hand Weapons
 a - a +4 dagger of draining (weapon)
 m - the +9 long sword "Laraso's Death" {heavy, rF+}
   (You found it on level 3 of the Dungeon)

   rF+:       It protects you from fire.
Missiles
 e - a javelin
Armour
 b - a +0 leather armour (worn)
 c - a +0 helmet (worn)
 z - a +0 pair of gloves (worn)
Jewellery
 g - an amulet of the acrobat (around neck)
 h - a ring of willpower (left hand)
Wands
 f - a wand of mindburst (5)
 o - a wand of roots (27)
 v - a wand of paralysis (2)
 y - a wand of flame (26)
Scrolls
 j - a scroll of teleportation {unknown}
 p - a scroll of fear {unknown}
 u - a scroll of fog {unknown}
 w - a scroll of enchant weapon {unknown}
 A - a scroll of poison
Potions
 i - 2 potions of attraction
 k - a potion of haste
 l - 2 potions of mutation {unknown}
 n - 2 potions of invisibility
 q - 2 potions of lignification {unknown}
 r - a potion of cancellation {unknown}
 s - a potion of might {unknown}
 t - a potion of ambrosia {unknown}
 x - a potion of berserk rage {unknown}


   Skills:
 - Level 1.7 Fighting
 * Level 8.1 Short Blades
 - Level 1.7 Throwing
 - Level 2.4 Dodging


You had 6 spell levels left.
You didn't know any spells.
Your spell library contained the following spells:

 Spells                   Type           Power      Damage    Failure   Level
 Cigotuvi's Dreadful Rot  Necr/Alch/Air  0%         N/A       63%         2
 Ignite Poison            Fire/Alch      0%         N/A       99%         4
 Freezing Cloud           Conj/Ice/Air   0%         6-21      100%        5


Dungeon Overview and Level Annotations

Branches:
Dungeon (6/15)
 Temple: D:4-7

Altars:
Wu Jian
Zin

Shops:
D:1 (*?*:   D:4 *

Annotations:
D:5 3 runed translucent doors, Driedwater's ghost, amateur GnDe; Hellonello's ghost, novice OpSh; OldManVictorn's ghost, weakling GrDe; Sundig's ghost, amateur DsFi; knightboat's ghost, novice OnFE


Innate Abilities, Weirdness & Mutations

You have extremely sharp teeth.
Your natural rate of healing is unusually fast.
When hurt, damage is shared between your health and your magic reserves.
Your bite disrupts and absorbs the magic of your enemies.
Potions cannot restore your health.


Message History

Reactivating autopickup.
There is a stone staircase leading down here.
Unknown command.
Throw: throwing net
Press: ? - help, Q - select action, (/) - cycle Shift-Dir - straight line, f - steam dragon
Aim: a steam dragon (catching its breath, 57% to hit)
You throw a throwing net.
The throwing net barely misses the steam dragon.
The steam dragon bites you. The steam dragon claws you.
Unknown command.
You closely miss the steam dragon. The steam dragon bites you!
* * * LOW HITPOINT WARNING * * *
The steam dragon completely misses you.
You closely miss the steam dragon. You hit the steam dragon.
You bite the steam dragon. You drain its power.
You feel invigorated.
The steam dragon is moderately wounded.
The steam dragon closely misses you. The steam dragon barely misses you.
You hit the steam dragon. Your bite misses the steam dragon.
The steam dragon is moderately wounded.
You barely miss the steam dragon.
The steam dragon is moderately wounded.
The steam dragon completely misses you.
The steam dragon claws you but does no damage.
You closely miss the steam dragon.
You bite the steam dragon, but do no damage.
The steam dragon is moderately wounded.
The steam dragon breathes steam at you. The ball of steam hits you!
* * * LOW HITPOINT WARNING * * *
You hit the steam dragon. You drain the steam dragon.
Your bite misses the steam dragon.
The steam dragon is heavily wounded.
You are engulfed in a cloud of scalding steam.
* * * LOW HITPOINT WARNING * * *
You hit the steam dragon. You drain the steam dragon.
Your bite misses the steam dragon.
The steam dragon is almost dead.
You are engulfed in a cloud of scalding steam.
You die...

..# ..# ..# ..#
..########### ###.........#
#.#######.#
###'#######.######
...............D@#
.....#......####)#
.....#......# #.#
.....#......####.#
.....#.........#.###########
....##.....................#
....###........#...........#
....# #........#...........#
###.# #........####+++####.#


You could see a steam dragon (catching breath, very drained).

Vanquished Creatures
  Duvessa (D:5)
  An ice beast (D:5)
  2 scorpions
  Dowan (D:5)
  4 hounds
  A jelly (D:5)
  An iguana (D:5)
  Natasha (D:2)
  An orc wizard (D:5)
  5 adders
  2 dart slugs
  11 orcs
  8 ball pythons
  3 bats
  6 endoplasms
  2 giant cockroaches
  9 goblins
  12 hobgoblins
  3 jackals (D:1)
  7 quokkas
  3 frilled lizards
  5 kobolds
  5 rats
94 creatures vanquished.

Vanquished Creatures (others)
  2 orcs (D:6)
2 creatures vanquished.

Grand Total: 96 creatures vanquished

Notes
Turn   | Place    | Note
-------+----------+-------------------------------------------
     0 | D:1      | Laraso the Vine Stalker Gladiator began the quest for the
                  | Orb.
     0 | D:1      | Reached XP level 1. HP: 11/11 MP: 2/2
    78 | D:1      | Reached skill level 3 in Short Blades
   199 | D:1      | Found Jiseunei's Book Boutique.
   211 | D:1      | Reached XP level 2. HP: 13/15 MP: 3/3
   266 | D:1      | Found Fis Wuat's Assorted Antiques.
   297 | D:1      | Found a faded altar of an unknown god.
   357 | D:1      | Found Kakaamia's Magic Scroll Shop.
   758 | D:1      | Found Zuen's General Store.
   763 | D:1      | Found Padoedis's Weapon Emporium.
   803 | D:1      | Reached XP level 3. HP: 18/18 MP: 4/4
  1229 | D:2      | Reached skill level 4 in Short Blades
  1229 | D:2      | Reached XP level 4. HP: 23/23 MP: 3/5
  1554 | D:2      | Noticed Natasha
  1565 | D:2      | Killed Natasha
  1566 | D:2      | Reached skill level 5 in Short Blades
  1566 | D:2      | Reached XP level 5. HP: 12/26 MP: 3/6
  1777 | D:3      | Identified the +9 long sword "Laraso's Death" {heavy, rF+}
  2028 | D:3      | Found a glowing silver altar of Zin.
  2474 | D:4      | HP: 1/26 [scorpion (2)]
  2552 | D:4      | Found Koschujas's Assorted Antiques.
  2577 | D:4      | Bought a scroll labelled WULOEJ IXTEOKH for 28 gold pieces
  2577 | D:4      | Bought a scroll labelled BAIR ZACLUMN for 28 gold pieces
  2657 | D:4      | Reached skill level 6 in Short Blades
  2657 | D:4      | Reached XP level 6. HP: 28/30 MP: 5/7
  2661 | D:4      | Identified the +5 mace "Adumm" {freeze, rC+ Int-2 Dex+4}
  2788 | D:4      | Found an ornate altar of the Wu Jian Council.
  3045 | D:5      | Entered Level 5 of the Dungeon
  3060 | D:5      | Noticed an ice beast
  3068 | D:5      | Killed an ice beast
  3169 | D:5      | Noticed Duvessa
  3169 | D:5      | Noticed Dowan
  3189 | D:5      | Killed Duvessa
  3190 | D:5      | Reached skill level 7 in Short Blades
  3190 | D:5      | Reached XP level 7. HP: 13/34 MP: 1/8
  3201 | D:5      | Killed Dowan
  3455 | D:5      | Found a runed translucent gate.
  3456 | D:5      | Found a runed translucent gate.
  3457 | D:5      | Found a runed translucent gate.
  3458 | D:5      | Noticed Driedwater's ghost (amateur GnDe)
  3458 | D:5      | Noticed OldManVictorn's ghost (weakling GrDe)
  3458 | D:5      | Noticed knightboat's ghost (novice OnFE)
  3458 | D:5      | Noticed Hellonello's ghost (novice OpSh)
  3458 | D:5      | Noticed Sundig's ghost (amateur DsFi)
  3743 | D:6      | Noticed a steam dragon
  3754 | D:5      | Reached skill level 8 in Short Blades
  3998 | D:5      | Engulfed by a steam dragon's steam

Illustrated notes

Levels and vault maps discovered:
D:1:      minmay_arrival_up_and_down, layout_basic, serial_shops,
          nicolae_shop_just_a_little_nook, nicolae_shop_tiny_waterfront,
          nicolae_shop_pleasant_corner_grove, shop, shop,
          basic_ecumenical_altar, minmay_misc_feat_encased,
          minmay_misc_feat_more_columns
D:2:      layout_basic, minmay_indecisive_spiral, uniq_natasha
D:3:      layout_basic, marbit_many_paths
D:4:      layout_loops_ring, mainiacjoe_overflow_brackets, serial_shops,
          nicolae_shop_statue_plus, minmay_quadrilaterals
D:5:      layout_basic, gammafunk_ghost_cemetery, uniq_duvessa
D:6:      layout_basic, temple_green, nicolae_half_adder

Skill      XL: |  1  2  3  4  5  6  7 |
---------------+----------------------+-----
Short Blades   | 3 4 5 6 7 8 |  8.1
Fighting       | |  1.7
Throwing       | |  1.7
Dodging        | |  2.4

Action                     |  1- 3 |  4- 6 |  7- 9 || total
---------------------------+-------+-------+-------++-------
  Melee: Rapier            |    59 |   178 |     6 ||   243
         Bite              |    14 |    33 |    15 ||    62
         Punch             |       |     1 |       ||     1
         Dagger            |       |       |    47 ||    47
  Throw: Throwing net      |       |     2 |     2 ||     4
  Evoke: Wand              |       |     3 |       ||     3
    Use: Scroll            |       |     6 |       ||     6
         Potion            |       |     3 |       ||     3
   Stab: Sleeping          |     2 |     1 |       ||     3
         Distracted        |       |     1 |       ||     1
         Held in net/web   |       |     1 |       ||     1
         Paralysed         |       |     2 |       ||     2
 Armour: Leather armour    |    24 |    87 |    33 ||   144
  Dodge: Dodged            |    31 |   113 |    39 ||   183

Table legend: (Time is in decaauts)
 A = Elapsed time spent in this place.
 B = Non-inter-level travel time spent in this place.
 C = Inter-level travel time spent in this place.
 D = Time resting spent in this place.
 E = Time spent auto-exploring this place.
 F = Levels seen in this place.
 G = Mean time per level.
                   A        B        C        D        E       F      G
               +--------+--------+--------+--------+--------+-----+--------+
         Total |   3967 |   3810 |    157 |    216 |   2880 |   6 |  661.2 |
       Dungeon |   3967 |   3810 |    157 |    216 |   2880 |   6 |  661.2 |
               +--------+--------+--------+--------+--------+-----+--------+

Top non-repeatable levels by time:
     D:1: 1158 daAuts
     D:5: 919 daAuts
     D:4: 666 daAuts
     D:3: 640 daAuts
     D:2: 565 daAuts
     D:6: 16 daAuts
